 Dungeon Crawl Stone Soup version 0.17-a0-1570-g74b7129 (webtiles) character file.

342 carl the Covert (level 6, -4/28 HPs)
             Began as a Spriggan Enchanter on July 23, 2015.
             Was an Initiate of Dithmenos.
             Killed from afar by an orc wizard (10 damage)
             ... with a puff of flame
             ... on level 3 of the Dungeon.
             The game lasted 00:06:47 (3068 turns).

carl the Covert (Spriggan Enchanter)                Turns: 3068, Time: 00:06:47

Health: -4/28      AC:  3    Str:  4    XL:     6   Next: 30%
Magic:  3/11       EV: 18    Int: 19    God:    Dithmenos [......]
Gold:   98         SH:  0    Dex: 16    Spells: 3 memorised, 4 levels left

rFire  . . .     SeeInvis +     g - +0 short sword
rCold  . . .     Clarity  .     b - +1 robe
rNeg   . . .     SustAt   .     (shield restricted)
rPois  .         Gourm    .     (helmet restricted)
rElec  .         Spirit   .     (no cloak)
rCorr  .         Warding  .     (gloves unavailable)
rMut   .         Stasis   .     (boots unavailable)
MR     +....                    (no amulet)
Stlth  +++++.....               (no ring)
                                (no ring)

@: very quick, somewhat resistant to hostile enchantments, quite stealthy
A: unfitting armour, see invisible, herbivore 3, speed 3, slow metabolism 2
a: Renounce Religion


You were on level 3 of the Dungeon.
You worshipped Dithmenos.
Dithmenos was noncommittal.
You were full.

You visited 1 branch of the dungeon, and saw 3 of its levels.

You collected 98 gold pieces.

Inventory:

Hand weapons
 a - a +1 dagger
 g - a +0 short sword (weapon)
Missiles
 m - 22 poisoned needles
Armour
 b - a +1 robe (worn)
Jewellery
 n - an uncursed amulet of regeneration
Scrolls
 e - a scroll of enchant weapon {unknown}
 f - 6 scrolls of identify {unknown}
 h - 2 scrolls of remove curse {unknown}
 i - 2 scrolls of recharging {unknown}
 l - 2 scrolls of teleportation {unknown}
Potions
 j - a potion of degeneration {unknown}
 k - a potion of mutation {unknown}
 o - 2 potions of heal wounds
 p - a potion of invisibility {unknown}
Books
 c - a book of Maledictions

   Spells                             Type                      Level
   a - Corona                         Hexes                        1
   b - Ensorcelled Hibernation        Hexes/Ice                    2
   c - Confuse                        Hexes                        3
   d - Tukima's Dance                 Hexes                        3
   e - Dazzling Spray                 Conjuration/Hexes            3
Comestibles
 d - 2 bread rations


   Skills:
 + Level 5.0 Short Blades
 - Level 3.0 Dodging
 + Level 8.5 Stealth
 - Level 2.6 Spellcasting
 - Level 3.6 Hexes


You had 4 spell levels left.
You knew the following spells:

 Your Spells              Type           Power        Failure   Level  Hunger
a - Corona                Hex            ###....      4%          1    None
b - Ensorcelled Hibernat  Hex/Ice        #.....       14%         2    ##.....
c - Confuse               Hex            ###.....     12%         3    ###....


Dungeon Overview and Level Annotations

Branches:
Dungeon (3/15)

Altars:
Dithmenos
Fedhas
Makhleb
Nemelex Xobeh
Okawaru
Sif Muna
Vehumet


Innate Abilities, Weirdness & Mutations

You are tiny and cannot use many weapons and most armour.
You have supernaturally acute eyesight.
You are a herbivore.
You cover ground extremely quickly.
You need consume almost no food.


Message History

Aiming: Ensorcelled Hibernation
Press: ? - help, Shift-Dir - straight line, f/p - orc wizard
Aim: an orc wizard, wielding a dagger and wearing a robe (severely wounded, slightly transparent, chance to defeat MR: 40%)
The orc wizard resists with some effort.
The orc wizard gestures at you while chanting.
The puff of flame hits you!
Casting: Ensorcelled Hibernation
Confirm with . or Enter, or press ? or * to list all spells.
Aiming: Ensorcelled Hibernation
Press: ? - help, Shift-Dir - straight line, f/p - orc wizard
Aim: an orc wizard, wielding a dagger and wearing a robe (severely wounded, slightly transparent, chance to defeat MR: 40%)
The orc wizard resists with some effort.
The orc wizard casts a spell at you. The puff of flame hits you!
* * * LOW HITPOINT WARNING * * *
The orc wizard gestures at you while chanting.
The puff of flame misses you.
The orc wizard points at you and mumbles some strange words.
The puff of flame hits you!
You die...

###....###.######.#...
#.......##.# #.....
#.#####....# ####.#
#.# ###### #.# #.# #.#
#.####+## #.#
#..<....# #..
###.....# ####.
#..@..# #.... #.....#
#.... #.....### #†...
#.......# #####
#######o# ####### #
###o##.......#
#.o....# ..#.#
#......#.#.#.###
#$.......#.#....


You could see an orc wizard (invisible) and an orc.

Vanquished Creatures
  Sigmund (D:3)
  An orc priest (D:3)
  Jessica (D:3)
  Terence (D:3)
  4 adders (D:3)
  An ooze (D:1)
  4 worms
  3 orcs (D:3)
  2 ball pythons
  10 hobgoblins
  3 jackals (D:1)
  6 kobolds
  A quokka (D:2)
  2 bats
  3 giant cockroaches
  5 giant newts
  6 goblins
  3 rats
57 creatures vanquished.

Notes
Turn   | Place    | Note
--------------------------------------------------------------
     0 | D:1      | carl the Spriggan Enchanter began the quest for the Orb.
     0 | D:1      | Reached XP level 1. HP: 9/9 MP: 5/5
   317 | D:1      | Reached XP level 2. HP: 13/13 MP: 6/6
   329 | D:1      | Reached skill level 5 in Stealth
   333 | D:1      | Learned a level 2 spell: Ensorcelled Hibernation
  1224 | D:2      | Reached XP level 3. HP: 16/16 MP: 8/8
  1988 | D:2      | Reached skill level 6 in Stealth
  2122 | D:3      | Learned a level 3 spell: Confuse
  2233 | D:3      | Reached XP level 4. HP: 11/21 MP: 6/9
  2423 | D:3      | Noticed Sigmund
  2434 | D:3      | Killed Sigmund
  2434 | D:3      | Reached skill level 7 in Stealth
  2434 | D:3      | Reached XP level 5. HP: 19/24 MP: 5/10
  2491 | D:3      | Noticed Terence
  2584 | D:3      | Killed Terence
  2584 | D:3      | Reached skill level 8 in Stealth
  2833 | D:3      | Noticed Jessica
  2836 | D:3      | Killed Jessica
  2836 | D:3      | Reached XP level 6. HP: 28/28 MP: 11/11
  2957 | D:3      | Found a deep blue altar of Sif Muna.
  2961 | D:3      | Reached skill level 5 in Short Blades
  2965 | D:3      | Found a burning altar of Makhleb.
  2969 | D:3      | Found a sparkling altar of Nemelex Xobeh.
  2969 | D:3      | Found a radiant altar of Vehumet.
  2970 | D:3      | Found a shadowy altar of Dithmenos.
  2971 | D:3      | Found a blossoming altar of Fedhas.
  2979 | D:3      | Found an iron altar of Okawaru.
  2988 | D:3      | Became a worshipper of Dithmenos the Shadowed
  3068 | D:3      | Killed from afar by an orc wizard

Vault maps used:
D:1:      lemuel_arrival_river_ford, minmay_shallow_snake_nest
D:3:      minitemple, first_bread, uniq_sigmund, uniq_jessica, uniq_terence

Action                   |  1- 3 |  4- 6 || total
-------------------------+-------+-------++-------
Melee: Dagger            |    30 |     9 ||    39
       Short sword       |    93 |    26 ||   119
 Cast: Ensorcelled Hiber |     7 |    13 ||    20
 Stab: Sleeping          |    21 |    13 ||    34
       Distracted        |     2 |       ||     2
  Eat: Bread ration      |       |     1 ||     1
